 Dungeon Crawl Stone Soup version 0.29-a0-2-g12fcac58f8 (webtiles) character file.

Game seed: 1607255717323499463

223 Pin the Skirmisher (level 6, -1/56 HPs)
             Began as a Hill Orc Fighter on Jan 27, 2022.
             Slain by a gnoll (5 damage)
             ... on level 2 of the Dungeon.
             The game lasted 00:03:02 (1754 turns).

Pin the Skirmisher (Hill Orc Fighter)               Turns: 1754, Time: 00:03:02

Health: -1/56      AC:  7    Str: 21    XL:     6   Next: 0%
Magic:  6/6        EV:  9    Int:  8    God:
Gold:   96         SH:  4    Dex: 10    Spells: 5/5 levels left

rFire   . . .      SeeInvis .   a - +0 war axe
rCold   . . .      Faith    .   c - +0 buckler
rNeg    . . .      Spirit   .   b - +0 scale mail
rPois   .          Reflect  .   (no helmet)
rElec   .          Harm     .   (no cloak)
rCorr   .          Rampage  .   (no gloves)
Will    .....                   (no boots)
Stlth   ..........              (no amulet)
HPRegen 0.18/turn               (no ring)
MPRegen 0.10/turn               (no ring)

@: no status effects
A: no striking features
a: no special abilities


You were on level 2 of the Dungeon.
You visited 1 branch of the dungeon, and saw 2 of its levels.

You collected 96 gold pieces.

Inventory:

Hand Weapons
 a - a +0 war axe (weapon)
Armour
 b - a +0 scale mail (worn)
 c - a +0 buckler (worn)
Scrolls
 e - 2 scrolls of identify {unknown}
 h - a scroll of fear {unknown}
 k - a scroll of immolation {unknown}
Potions
 d - a potion of might
 f - a potion of curing {unknown}
 g - a potion of magic {unknown}
 i - a potion of berserk rage {unknown}
 j - a potion of heal wounds {unknown}


   Skills:
 + Level 5.0 Fighting
 + Level 4.5 Axes
 + Level 4.5 Armour
 + Level 4.5 Shields


You had 5 spell levels left.
You didn't know any spells.
Your spell library contained the following spells:

 Spells                   Type           Power      Damage    Failure   Level
 Ensorcelled Hibernation  Hex/Ice        0%         N/A       92%         2
 Spider Form              Tmut/Pois      0%         N/A       99%         3
 Anguish                  Hex/Necr       0%         N/A       100%        4


Dungeon Overview and Level Annotations

Branches:
Dungeon (2/15)

Altars:


Message History

The gnoll is lightly wounded.
The gnoll hits you with a +0 spear.
The gnoll hits you from afar with a +0 spear.
You barely miss the gnoll.
The gnoll hits you but does no damage. x2
You closely miss the gnoll. The gnoll barely misses you.
The gnoll hits you from afar with a +0 spear.
The gnoll hits you with a +0 spear.
You hit the gnoll.
The gnoll is moderately wounded.
The gnoll barely misses you. x2
You closely miss the gnoll.
The gnoll is moderately wounded.
The gnoll hits you with a +0 spear.
The gnoll hits you from afar with a +0 halberd!
* * * LOW HITPOINT WARNING * * *
You barely miss the gnoll.
The gnoll is moderately wounded.
You block the gnoll's attack.
The gnoll hits you from afar with a +0 halberd.
* * * LOW HITPOINT WARNING * * *
The gnoll closely misses you.
You slash the gnoll!
You kill the gnoll!
The gnoll hits you from afar with a +0 halberd.
* * * LOW HITPOINT WARNING * * *
You block the gnoll's attack.
Your Fighting skill increases to level 5!
You have reached level 6!
You block the gnoll's attack. The gnoll barely misses you.
You closely miss the gnoll. You block the gnoll's attack.
The gnoll barely misses you.
You hit the gnoll.
The gnoll is moderately wounded.
The gnoll hits you from afar with a +0 spear.
* * * LOW HITPOINT WARNING * * *
You block the gnoll's attack. x2
You barely miss the gnoll.
The gnoll is moderately wounded.
The gnoll hits you with a +0 halberd.
You die...

# #.##........# #.
#.##.####...##
##.###.##.###.....##
#.#.....#.##.......##
#####.#......#.........#
.............+.........'
##.."......###.........#
#.####.)#.# ##.......##
# #@##.# ##.....## #g#
.. ##...## .g. ..# ##+#
.#.#. #.#.### # #.# ..#
###


You could see 2 gnolls.

Vanquished Creatures
  Sigmund (D:2)
  A gnoll (D:2)
  An adder (D:2)
  3 dart slugs (D:1)
  3 ball pythons (D:1)
  4 endoplasms
  A giant cockroach (D:1)
  A goblin (D:1)
  2 hobgoblins (D:1)
  4 jackals (D:1)
  7 bats
  A frilled lizard (D:1)
  3 kobolds (D:1)
  6 rats
38 creatures vanquished.

Notes
Turn   | Place    | Note
-------+----------+-------------------------------------------
     0 | D:1      | Pin the Hill Orc Fighter began the quest for the Orb.
     0 | D:1      | Reached XP level 1. HP: 19/19 MP: 1/1
   169 | D:1      | Found a faded altar of an unknown god.
   171 | D:1      | Reached XP level 2. HP: 27/27 MP: 2/2
   557 | D:1      | Reached skill level 4 in Fighting
   864 | D:1      | Reached XP level 3. HP: 26/33 MP: 3/3
  1204 | D:2      | Noticed Sigmund
  1213 | D:2      | Killed Sigmund
  1214 | D:2      | Reached XP level 4. HP: 27/41 MP: 4/4
  1214 | D:2      | Reached XP level 5. HP: 31/47 MP: 5/5
  1751 | D:2      | Reached skill level 5 in Fighting
  1751 | D:2      | Reached XP level 6. HP: 8/56 MP: 6/6
  1754 | D:2      | Slain by a gnoll

Illustrated notes

Levels and vault maps discovered:
D:1:      zelgadis_glass_arrival_small, layout_loops_ring,
          nicolae_ecumenical_snake_handling, minmay_pentomino_u2
D:2:      layout_loops_corners, uniq_sigmund

Skill      XL: |  1  2  3  4  5 |
---------------+----------------+-----
Axes           | 3 4 |  4.5
Fighting       | 4 5 |  5.0
Armour         | 4 |  4.5
Shields        | 4 |  4.5

Action                   |  1- 3 |  4- 6 || total
-------------------------+-------+-------++-------
Melee: War axe           |    91 |    20 ||   111
Armor: Scale mail        |    42 |     6 ||    48
Dodge: Dodged            |    46 |    11 ||    57
Block: Buckler           |    27 |     6 ||    33

Table legend: (Time is in decaauts)
 A = Elapsed time spent in this place.
 B = Non-inter-level travel time spent in this place.
 C = Inter-level travel time spent in this place.
 D = Time resting spent in this place.
 E = Time spent auto-exploring this place.
 F = Levels seen in this place.
 G = Mean time per level.
                   A        B        C        D        E       F      G
               +--------+--------+--------+--------+--------+-----+--------+
         Total |   1795 |   1789 |      6 |    101 |   1421 |   2 |  897.5 |
       Dungeon |   1795 |   1789 |      6 |    101 |   1421 |   2 |  897.5 |
               +--------+--------+--------+--------+--------+-----+--------+

Top non-repeatable levels by time:
     D:1: 1235 daAuts
     D:2: 559 daAuts
